[Event "Mentese ELO February 2022"]
[Site "Mentese"]
[Date "2022.02.19"]
[Round "1.3"]
[White "Atayman, Evren"]
[Black "Yasar, Murathan"]
[Result "0-1"]
[ECO "C30"]
[WhiteElo "1662"]
[BlackElo "1087"]
[Annotator "NA RC"]
[PlyCount "90"]
[EventDate "2022.02.19"]
[EventCountry "TUR"]
[SourceTitle "playchess.com"]
[Source "ChessBase"]
[SourceQuality "1"]
[TimeControl "3600+30"]

1. e4 e5 2. f4 d6 3. Nf3 Bg4 4. Bc4 Nf6 5. O-O Nc6 6. c3 Qd7 7. d3 O-O-O 8. Qa4 Bxf3 9. Rxf3 d5 10. exd5 Nxd5 11. fxe5 Nb6 12. Qb3 Nxc4 13. Bf4 N4xe5 14. Nd2 Nxf3+ 15. Nxf3 Qxd3 16. Qxf7 Qd7 17. Qc4 h6 18. b4 Qd5 19. Qe2 Qd3 20. Qe6+ Qd7 21. Qc4 Bd6 22. Be3 Rhe8 23. Bf2 Be5 24. b5 Na5 25. Qb4 b6 26. g3 Qd6 27. Qe4 Kb8 28. Qh4 Bxc3 29. Rc1 Bf6 30. Qg4 Rf8 31. Be3 Qd3 32. Qf4 Qd6 33. Qg4 Qd5 34. Qf4 Rd6 35. Nd4 Qxd4 36. Qf2 Qd5 37. Rf1 Qxb5 38. a4 Qe5 39. Bf4 Qd4 40. Be3 Qd5 41. Qc2 Rf7 42. Qg6 Re7 43. Bf2 c5 44. Be3 Rxe3 45. Qe8+ Rxe8 0-1

[Event "Mentese ELO February 2022"]
[Site "Mentese"]
[Date "2022.02.19"]
[Round "1.4"]
[White "Turk, Burak"]
[Black "Koseoglu, Osman Ogul"]
[Result "0-1"]
[ECO "E32"]
[WhiteElo "1105"]
[BlackElo "1713"]
[Annotator "NA RC"]
[PlyCount "86"]
[EventDate "2022.02.19"]
[EventCountry "TUR"]
[SourceTitle "playchess.com"]
[Source "ChessBase"]
[SourceQuality "1"]
[TimeControl "3600+30"]

1. d4 Nf6 2. c4 e6 3. Nc3 Bb4 4. Qc2 O-O 5. e4 d5 6. cxd5 exd5 7. e5 Ne4 8. Bd3 c5 9. Nge2 cxd4 10. Nxd4 Nxf2 11. Qxf2 Qc7 12. Bd2 Qxe5+ 13. Qe3 Qh5 14. Qg5 Re8+ 15. Kf2 Qxg5 16. Bxg5 Bc5 17. Nce2 Nc6 18. Be3 Bg4 19. Nc2 Bxe2 20. Bxe2 d4 21. Nxd4 Bxd4 22. Bxd4 Nxd4 23. Bf3 Rad8 24. Rad1 b6 25. Rhe1 Kf8 26. Re3 Nxf3 27. Rxd8 Rxd8 28. Kxf3 Rd2 29. Ra3 Rxb2 30. Rxa7 g5 31. Rb7 b5 32. h3 h5 33. g3 Kg7 34. g4 h4 35. Ke4 Kg6 36. Kd5 Rxa2 37. Rxb5 Ra3 38. Ke5 Re3+ 39. Kd6 Rxh3 40. Ke7 Re3+ 41. Kf8 Re4 42. Rb7 Rxg4 43. Rxf7 Rf4 0-1

[Event "Mentese ELO February 2022"]
[Site "Mentese"]
[Date "2022.02.19"]
[Round "1.5"]
[White "Taskin, Arda"]
[Black "Akpinar, Alperen Arda"]
[Result "1-0"]
[ECO "A70"]
[WhiteElo "1652"]
[BlackElo "1015"]
[Annotator "NA RC"]
[PlyCount "83"]
[EventDate "2022.02.19"]
[EventCountry "TUR"]
[SourceTitle "playchess.com"]
[Source "ChessBase"]
[SourceQuality "1"]
[TimeControl "3600+30"]

1. d4 Nf6 2. c4 e6 3. Nf3 c5 4. d5 exd5 5. cxd5 d6 6. Nc3 g6 7. e4 Bg7 8. Bd3 O-O 9. O-O Re8 10. h3 a6 11. a4 Nbd7 12. Be3 b6 13. Rc1 Bb7 14. b3 Qc7 15. Nd2 Ne5 16. Be2 Rab8 17. Re1 Re7 18. f4 Ned7 19. Bf3 Rbe8 20. Nc4 Qb8 21. Bf2 Rf8 22. Bg3 Ne8 23. Kh2 Bxc3 24. Rxc3 b5 25. Nd2 Ng7 26. Rce3 Rfe8 27. Nf1 Qc7 28. Qa1 Rf8 29. Bg4 Bc8 30. e5 dxe5 31. fxe5 Qb6 32. Bh4 Ree8 33. Bg3 Nb8 34. Bxc8 Rxc8 35. e6 Nf5 36. Rf3 Nd4 37. exf7+ Rxf7 38. Rxf7 Kxf7 39. Qc1 Nf5 40. Re6 Qa7 41. Qg5 Re8 42. Qf6+ 1-0

[Event "Mentese ELO February 2022"]
[Site "Mentese"]
[Date "2022.02.19"]
[Round "2.1"]
[White "Koc, Zeki"]
[Black "Turgut, Hakan"]
[Result "0-1"]
[ECO "E60"]
[WhiteElo "1394"]
[BlackElo "1805"]
[Annotator "NA"]
[PlyCount "76"]
[EventDate "2022.02.19"]
[EventCountry "TUR"]
[SourceTitle "playchess.com"]
[Source "ChessBase"]
[SourceQuality "1"]
[TimeControl "3600+30"]

1. d4 Nf6 2. Nf3 g6 3. c4 Bg7 4. g3 c6 5. Bg2 O-O 6. O-O d5 7. b3 c5 8. cxd5 Nxd5 9. Bb2 Nc6 10. a3 (10. Qd2 $1 $11) 10... Nc7 11. e3 Bg4 12. h3 Bxf3 13. Bxf3 cxd4 14. Bxc6 bxc6 15. Bxd4 Bxd4 16. exd4 Ne6 17. d5 (17. Nd2 $17) 17... cxd5 18. Nc3 d4 19. Ne4 f5 20. Nd2 Ng5 21. h4 Nf7 22. f4 e5 23. Nf3 Qd5 24. fxe5 Nxe5 25. Nxe5 Qxe5 26. Qd3 Rac8 27. Rfe1 Qd5 28. Rac1 Rfe8 ({Black should try} 28... Rxc1 $19 29. Rxc1 Qe5) 29. Rxc8 Rxc8 30. Qa6 $19 (30. Kf2 $17 {only move.}) 30... Rc3 31. Kh2 d3 32. Qe6+ Qxe6 33. Rxe6 Rxb3 34. a4 Rb2+ 35. Kh3 d2 36. Rd6 a5 37. h5 g5 38. h6 Kf7 0-1

[Event "Mentese ELO February 2022"]
[Site "Mentese"]
[Date "2022.02.19"]
[Round "2.2"]
[White "Inci, Okan"]
[Black "Kalender, Yigit"]
[Result "1-0"]
[ECO "E04"]
[WhiteElo "1703"]
[BlackElo "1384"]
[Annotator "NA"]
[PlyCount "119"]
[EventDate "2022.02.19"]
[EventCountry "TUR"]
[SourceTitle "playchess.com"]
[Source "ChessBase"]
[SourceQuality "1"]
[TimeControl "3600+30"]

1. d4 Nf6 2. c4 e6 3. Nf3 a6 4. g3 d5 5. Bg2 dxc4 6. O-O Nc6 7. a4 Be7 8. Nc3 O-O 9. e4 Na5 10. Be3 Ng4 11. Bf4 Nf6 12. Qe2 Rb8 13. Rfd1 Nh5 14. Be3 Nf6 15. Ne5 Nb3 16. Rab1 Bd7 17. Qxc4 Na5 18. Qa2 Bb4 19. Nd3 Qe7 20. Rbc1 Rfc8 21. e5 Ne8 22. Ne4 b6 23. Nf4 c5 24. d5 h6 25. dxe6 Bxe6 26. Nxe6 fxe6 27. Bh3 c4 28. Bd2 Bxd2 29. Nxd2 b5 30. axb5 Rxb5 31. Nxc4 Nxc4 32. Rxc4 Rxc4 33. Qxc4 Rxe5 34. Qxa6 Nf6 35. Qc8+ Kh7 36. Qc2+ Kg8 37. Qc4 Kh8 38. b4 Re4 39. Qc8+ Kh7 40. Qc2 Qxb4 41. Bg2 Qc4 42. Bxe4+ Qxe4 43. Qxe4+ Nxe4 44. Re1 Ng5 45. Kg2 e5 46. Rxe5 Kg6 47. Rxg5+ Kxg5 48. h4+ Kf5 49. Kf3 h5 50. Ke3 Ke5 51. f3 g6 52. g4 hxg4 53. fxg4 Ke6 54. Ke4 Kf6 55. Kd5 Kf7 56. Ke5 Kg7 57. Ke6 Kh7 58. Kf7 Kh6 59. Kf6 g5 60. h5 1-0

[Event "Mentese ELO February 2022"]
[Site "Mentese"]
[Date "2022.02.19"]
[Round "2.3"]
[White "Koseoglu, Osman Ogul"]
[Black "Kamisli, Yigit"]
[Result "0-1"]
[ECO "E90"]
[WhiteElo "1713"]
[BlackElo "1427"]
[Annotator "NA"]
[PlyCount "60"]
[EventDate "2022.02.19"]
[EventCountry "TUR"]
[SourceTitle "playchess.com"]
[Source "ChessBase"]
[SourceQuality "1"]
[TimeControl "3600+30"]

1. d4 Nf6 2. Nf3 g6 3. c4 Bg7 4. Nc3 O-O 5. e4 d6 6. h3 e5 7. d5 a5 8. Be3 Na6 9. g4 Nc5 10. Nd2 Bd7 11. b3 c6 12. Rc1 Ne8 13. a3 f5 14. gxf5 gxf5 15. Rg1 f4 16. Bxc5 dxc5 17. Qh5 Kh8 18. Nf3 Qe7 19. Rg5 Nf6 20. Rxe5 Qd6 21. Qh4 Nxd5 22. Rh5 Nxc3 23. Rxh7+ Kg8 24. Ng5 Qg6 25. Bd3 Rae8 26. f3 Re5 27. Rh5 Bf6 28. Rc2 Rxg5 29. Rxg5 Bxg5 30. e5 Bxh4+ 0-1

[Event "Mentese ELO February 2022"]
[Site "Mentese"]
[Date "2022.02.19"]
[Round "2.4"]
[White "Demir, Mehmet Sait"]
[Black "Taskin, Arda"]
[Result "0-1"]
[ECO "B55"]
[WhiteElo "1682"]
[BlackElo "1652"]
[Annotator "NA RC"]
[PlyCount "53"]
[EventDate "2022.02.19"]
[EventCountry "TUR"]
[SourceTitle "playchess.com"]
[Source "ChessBase"]
[SourceQuality "1"]
[TimeControl "3600+30"]

1. e4 c5 2. Nf3 d6 3. d4 cxd4 4. Nxd4 Nf6 5. Bd3 a6 6. O-O e5 7. Nf3 Be7 8. Nc3 O-O 9. Re1 Nbd7 10. Bg5 b5 11. a3 Bb7 12. h3 Rc8 13. Qe2 Re8 14. Rad1 Nc5 15. Be3 Qc7 16. Nd2 Bf8 17. Bg5 Be7 18. Be3 Rcd8 19. f3 Qc8 20. Qf2 Ne6 21. f4 exf4 22. Bxf4 Qc5 23. Kh1 Nh5 24. Qe3 Bh4 25. Qxc5 dxc5 26. Re3 Bg5 27. Rf3 0-1

[Event "Mentese ELO February 2022"]
[Site "Mentese"]
[Date "2022.02.19"]
[Round "2.5"]
[White "Kolat, Ata"]
[Black "Turkoglu, Sila Eylul"]
[Result "1/2-1/2"]
[ECO "C10"]
[WhiteElo "1534"]
[BlackElo "1291"]
[Annotator "NA"]
[PlyCount "104"]
[EventDate "2022.02.19"]
[EventCountry "TUR"]
[SourceTitle "playchess.com"]
[Source "ChessBase"]
[SourceQuality "1"]
[TimeControl "3600+30"]

1. e4 e6 2. d4 d5 3. Nd2 dxe4 4. Nxe4 Nd7 5. Bd3 Ngf6 6. Qe2 Be7 7. Nf3 O-O 8. O-O Nxe4 9. Bxe4 Nf6 10. Bd3 b6 11. Rd1 Bb7 12. c3 Qc8 13. Bf4 Rd8 14. Rd2 h6 15. h3 Bd6 16. Ne5 c5 17. dxc5 Qxc5 18. Rad1 Bc7 19. Bc2 Rxd2 20. Rxd2 Rd8 21. Rxd8+ Bxd8 22. Bb3 Bd5 23. Nd3 Qb5 24. Bxd5 Nxd5 25. Bg3 Bf6 26. Qe4 Qa6 27. a3 Qc8 28. c4 Ne7 29. b3 Nf5 30. Be5 Be7 31. b4 f6 32. Bh2 Kf7 33. g4 Nd6 34. Bxd6 Bxd6 35. Qd4 Be5 36. Qe4 Bd6 37. Kf1 a5 38. Ke2 f5 39. gxf5 exf5 40. Qd4 Qe6+ 41. Kd2 Bc7 42. Kc3 g5 43. Kb3 axb4 44. axb4 b5 45. Nc5 Qxc4+ 46. Qxc4+ bxc4+ 47. Kxc4 Ke7 48. Kd5 g4 49. hxg4 fxg4 50. Ke4 Kf6 51. Nd3 g3 52. fxg3 Bxg3 1/2-1/2

[Event "Mentese ELO February 2022"]
[Site "Mentese"]
[Date "2022.02.19"]
[Round "3.1"]
[White "Turgut, Hakan"]
[Black "Karaburun, Isa Emre"]
[Result "1-0"]
[ECO "B22"]
[WhiteElo "1805"]
[BlackElo "1479"]
[Annotator "NA"]
[PlyCount "33"]
[EventDate "2022.02.19"]
[EventCountry "TUR"]
[SourceTitle "playchess.com"]
[Source "ChessBase"]
[SourceQuality "1"]
[TimeControl "3600+30"]

1. e4 c5 2. c3 Nf6 3. e5 Nd5 4. d4 cxd4 5. Nf3 Nc6 6. Bc4 Nb6 7. Bb3 d6 8. exd6 Qxd6 9. cxd4 Be6 10. O-O Bxb3 11. Qxb3 e6 12. Nc3 Be7 13. a4 (13. d5 $11 {deserves consideration.} Nxd5 14. Rd1 (14. Nxd5 Qxd5 15. Qxb7 Nb4 $15)) 13... Qb4 14. Qc2 $15 O-O 15. Rd1 Rfd8 16. Be3 Bf6 17. Ne4 1-0

[Event "Mentese ELO February 2022"]
[Site "Mentese"]
[Date "2022.02.19"]
[Round "3.2"]
[White "Gurbuz, Kerem Nuri"]
[Black "Inci, Okan"]
[Result "0-1"]
[ECO "D38"]
[WhiteElo "1394"]
[BlackElo "1703"]
[Annotator "NA"]
[PlyCount "38"]
[EventDate "2022.02.19"]
[EventCountry "TUR"]
[SourceTitle "playchess.com"]
[Source "ChessBase"]
[SourceQuality "1"]
[TimeControl "3600+30"]

1. d4 Nf6 2. c4 e6 3. Nf3 d5 4. Nc3 Bb4 5. Qc2 dxc4 6. e3 b5 7. a4 c6 8. Be2 Bb7 9. O-O a6 10. e4 Nbd7 11. e5 Nd5 12. Nxd5 cxd5 13. Ng5 Qe7 14. axb5 axb5 15. Rxa8+ Bxa8 16. f4 h6 17. Nf3 g6 18. g4 h5 19. g5 Nb6 0-1

[Event "Mentese ELO February 2022"]
[Site "Mentese"]
[Date "2022.02.19"]
[Round "3.3"]
[White "Taskin, Arda"]
[Black "Karatas, Mehmet Salih"]
[Result "1-0"]
[ECO "E18"]
[WhiteElo "1652"]
[BlackElo "1474"]
[Annotator "NA"]
[PlyCount "34"]
[EventDate "2022.02.19"]
[EventCountry "TUR"]
[SourceTitle "playchess.com"]
[Source "ChessBase"]
[SourceQuality "1"]
[TimeControl "3600+30"]

1. d4 b6 2. Nf3 e6 3. g3 Bb7 4. Bg2 Nf6 5. c4 Be7 6. Nc3 d5 7. Bg5 h6 8. Bxf6 Bxf6 9. O-O O-O 10. cxd5 exd5 11. Qb3 Na6 12. Rad1 Re8 13. a3 c6 14. Rfe1 Nc7 15. Qc2 g6 16. Qc1 Bg7 17. Bf1 f5 1-0

[Event "Mentese ELO February 2022"]
[Site "Mentese"]
[Date "2022.02.19"]
[Round "3.4"]
[White "Seker, Bilgesu"]
[Black "Kamisli, Yigit"]
[Result "1-0"]
[ECO "C88"]
[WhiteElo "1681"]
[BlackElo "1427"]
[Annotator "NA"]
[PlyCount "46"]
[EventDate "2022.02.19"]
[EventCountry "TUR"]
[SourceTitle "playchess.com"]
[Source "ChessBase"]
[SourceQuality "1"]
[TimeControl "3600+30"]

1. e4 e5 2. Nf3 Nc6 3. Bb5 a6 4. Ba4 Nf6 5. O-O Be7 6. Re1 b5 7. Bb3 O-O 8. a4 Rb8 9. axb5 axb5 10. d3 d6 11. h3 Be6 12. Nbd2 Bxb3 13. Nxb3 Re8 14. Bd2 Qd7 15. Ra6 Ra8 16. Qa1 Rxa6 17. Qxa6 Rb8 18. d4 exd4 19. Nbxd4 Nxd4 20. Nxd4 Bf8 21. Bg5 Ne8 22. Qa7 Qc8 23. Ra1 h6 1-0

[Event "Mentese ELO February 2022"]
[Site "Mentese"]
[Date "2022.02.19"]
[Round "3.5"]
[White "Hekimoglu, Mihriban"]
[Black "Kara, Durmus"]
[Result "1-0"]
[ECO "C40"]
[WhiteElo "1479"]
[BlackElo "1246"]
[Annotator "NA"]
[PlyCount "59"]
[EventDate "2022.02.19"]
[EventCountry "TUR"]
[SourceTitle "playchess.com"]
[Source "ChessBase"]
[SourceQuality "1"]
[TimeControl "3600+30"]

1. e4 e5 2. Nf3 d5 3. exd5 e4 4. Qe2 Nf6 5. Nc3 Be7 6. Nxe4 O-O 7. d3 Re8 8. Be3 Nxd5 9. g3 c6 10. Bg2 Bg4 11. O-O Nd7 12. h3 Bh5 13. g4 Bg6 14. Nfd2 f5 15. gxf5 Bxf5 16. Ng3 Nxe3 17. fxe3 Bg6 18. d4 Bxc2 19. Qc4+ Kh8 20. Qxc2 Bg5 21. Nc4 Nf6 22. Qb3 Qc7 23. Nf5 Rad8 24. Ne5 Rxe5 25. dxe5 Qxe5 26. Rad1 Rg8 27. Kh1 g6 28. Nd6 Kg7 29. Qxb7+ Kh6 30. Nf7+ 1-0

[Event "Mentese ELO February 2022"]
[Site "Mentese"]
[Date "2022.02.19"]
[Round "4.1"]
[White "Turgut, Hakan"]
[Black "Karaburun, Isa Emre"]
[Result "*"]
[ECO "B22"]
[WhiteElo "1805"]
[BlackElo "1479"]
[Annotator "NA RC"]
[PlyCount "33"]
[EventDate "2022.02.19"]
[EventCountry "TUR"]
[SourceTitle "playchess.com"]
[Source "ChessBase"]
[SourceQuality "1"]
[TimeControl "3600+30"]

1. e4 c5 2. c3 Nf6 3. e5 Nd5 4. d4 cxd4 5. Nf3 Nc6 6. Bc4 Nb6 7. Bb3 d6 8. exd6 Qxd6 9. cxd4 Be6 10. O-O Bxb3 11. Qxb3 e6 12. Nc3 Be7 13. a4 Qb4 14. Qc2 O-O 15. Rd1 Rfd8 16. Be3 Bf6 17. Ne4 *

[Event "Mentese ELO February 2022"]
[Site "Mentese"]
[Date "2022.02.20"]
[Round "4.1"]
[White "Taskin, Arda"]
[Black "Turgut, Hakan"]
[Result "1/2-1/2"]
[ECO "D11"]
[WhiteElo "1652"]
[BlackElo "1805"]
[Annotator "NA"]
[PlyCount "173"]
[EventDate "2022.02.19"]
[EventCountry "TUR"]
[SourceTitle "playchess.com"]
[Source "ChessBase"]
[SourceQuality "1"]
[TimeControl "3600+30"]

1. d4 Nf6 2. c4 c6 3. Nf3 d5 4. Qc2 g6 5. e3 Bf5 6. Bd3 Bxd3 7. Qxd3 Bg7 8. O-O O-O 9. Nbd2 c5 10. cxd5 Qxd5 11. e4 Qd7 12. d5 e6 13. d6 (13. Ne5 $11 {deserves consideration.} Qc8 14. Ndf3) 13... Nc6 14. Rd1 b5 ({But not} 14... Nb4 15. Qe2 $11) ({Black should try} 14... Ne8 $15) 15. e5 {[%emt 0:06:30] [#]} (15. Qxb5 $11 {was preferrable.} Qxd6 16. Qe2) 15... c4 $1 16. Qe2 Ng4 17. Ne4 Ncxe5 ({Black should try} 17... Ngxe5 $11 18. Bh6 Nd3 19. Bxg7 Kxg7) 18. Nxe5 ({White should play} 18. h3 $1 $14 Nxf3+ 19. Qxf3) 18... Nxe5 19. Bg5 Nd3 20. Bf6 e5 21. Bxg7 Kxg7 22. Nc5 $1 Qxd6 23. Nxd3 cxd3 24. Rxd3 Qc5 25. Rc3 $11 Qd5 26. Rd3 $1 (26. Rd1 Qxa2 27. Qxe5+ Kg8 $15) 26... Qc5 27. Rad1 Rfe8 28. Rc3 Qb6 29. Rd5 (29. Re3 $11 {is superior.}) 29... b4 30. Rcc5 Rad8 31. Rxd8 Qxd8 32. h3 ({White should try} 32. Rxe5 $11 Rxe5 33. Qxe5+ Qf6 34. Qe2) 32... Qd4 33. Rc4 Qb6 34. Qf3 Re6 35. Rc2 (35. Qe4 $15) 35... Qd4 36. Qe2 Rf6 37. Rc4 ({Better is} 37. Rd2 Qc5 38. b3) 37... Rxf2 38. Rxd4 Rxe2 39. Rxb4 Rc2 40. a4 a5 41. Rb5 e4 42. b3 Rb2 43. Rxa5 Rxb3 44. Rb5 Ra3 45. a5 Ra2 46. g4 $1 h6 47. Re5 Ra4 48. Kf2 Kf6 49. Rb5 Ra3 50. h4 Ke6 51. h5 Kf6 52. Ke2 Rg3 53. a6 Ra3 54. hxg6 fxg6 55. Rb6+ Kg5 56. Re6 e3 57. Kf3 Ra4 58. Kxe3 Ra3+ 59. Kf2 h5 60. gxh5 Kxh5 61. Kg2 g5 62. Rc6 Kh4 63. Rh6+ Kg4 64. Rc6 Ra2+ 65. Kf1 Kh3 66. Rc3+ Kh4 67. Rc6 Kh3 68. Rc3+ Kh2 69. Rc6 g4 70. Rh6+ Kg3 71. Rc6 Kh2 72. Rh6+ Kg3 73. Rc6 Ra1+ 74. Ke2 Kh2 75. Rh6+ Kg2 76. Rf6 Ra3 77. Rf2+ Kg3 $5 78. Rf6 Kg2 (78... Kh2 $11) 79. Rf2+ Kh3 80. Rf6 g3 81. Rh6+ Kg2 82. Rc6 Ra2+ 83. Ke1 Kh2 84. Rh6+ Kg1 85. Re6 Kg2 $11 86. Re2+ Rxe2+ 87. Kxe2 1/2-1/2

[Event "Mentese ELO February 2022"]
[Site "Mentese"]
[Date "2022.02.20"]
[Round "4.2"]
[White "Inci, Okan"]
[Black "Seker, Bilgesu"]
[Result "0-1"]
[ECO "D78"]
[WhiteElo "1703"]
[BlackElo "1681"]
[Annotator "NA"]
[PlyCount "86"]
[EventDate "2022.02.19"]
[EventCountry "TUR"]
[SourceTitle "playchess.com"]
[Source "ChessBase"]
[SourceQuality "1"]
[TimeControl "3600+30"]

1. d4 Nf6 2. c4 g6 3. Nf3 Bg7 4. g3 c6 5. Bg2 d5 6. O-O O-O 7. cxd5 cxd5 8. Nc3 Ne4 9. Bf4 Nxc3 10. bxc3 Nc6 11. h3 Bf5 12. Ne5 Nxe5 13. Bxe5 Bxe5 14. dxe5 Be4 15. Bxe4 dxe4 16. Qd4 Qxd4 17. cxd4 Rfd8 18. e3 Rac8 19. Rfc1 b5 20. Rab1 a6 21. Kf1 f5 22. exf6 exf6 23. Ke2 Kf7 24. f3 f5 25. g4 Ke6 26. f4 a5 27. gxf5+ gxf5 28. Rxc8 Rxc8 29. Kd2 b4 30. Rg1 Rc3 31. Rg7 Ra3 32. Rxh7 Rxa2+ 33. Kc1 a4 34. Rb7 b3 35. Rb4 Kd5 36. h4 Re2 37. Rxa4 Rxe3 38. h5 Rh3 39. Ra5+ Kxd4 40. Rxf5 e3 41. Kd1 b2 42. Kc2 e2 43. Re5 Re3 0-1

[Event "Mentese ELO February 2022"]
[Site "Mentese"]
[Date "2022.02.20"]
[Round "4.3"]
[White "Akbay, Anil"]
[Black "Hekimoglu, Mihriban"]
[Result "1/2-1/2"]
[ECO "D02"]
[WhiteElo "1481"]
[BlackElo "1479"]
[Annotator "NA"]
[PlyCount "75"]
[EventDate "2022.02.19"]
[EventCountry "TUR"]
[SourceTitle "playchess.com"]
[Source "ChessBase"]
[SourceQuality "1"]
[TimeControl "3600+30"]

1. Nf3 d5 2. d4 Nf6 3. g3 g6 4. Bg2 Bg7 5. O-O O-O 6. Re1 c5 7. c3 Nc6 8. Na3 Bf5 9. Nc2 Bxc2 10. Qxc2 cxd4 11. cxd4 Qb6 12. Rd1 Rac8 13. Qb3 Qxb3 14. axb3 Ne4 15. e3 e6 16. Bd2 Rc7 17. Rac1 Rfc8 18. Be1 Nd6 19. Bd2 a6 20. Bf1 h6 21. Bd3 e5 22. dxe5 Nxe5 23. Nxe5 Rxc1 24. Rxc1 Rxc1+ 25. Bxc1 Bxe5 26. Kf1 Kg7 27. h3 Ne4 28. Ke2 f5 29. g4 Kf6 30. Bxe4 dxe4 31. f4 exf3+ 32. Kxf3 Kg5 33. e4+ f4 34. b4 h5 35. b3 hxg4+ 36. hxg4 b5 37. Bd2 Bd6 38. Bc3 1/2-1/2

[Event "Mentese ELO February 2022"]
[Site "Mentese"]
[Date "2022.02.20"]
[Round "4.4"]
[White "Kolat, Ata"]
[Black "Koseoglu, Osman Ogul"]
[Result "0-1"]
[ECO "B11"]
[WhiteElo "1534"]
[BlackElo "1713"]
[Annotator "NA"]
[PlyCount "152"]
[EventDate "2022.02.19"]
[EventCountry "TUR"]
[SourceTitle "playchess.com"]
[Source "ChessBase"]
[SourceQuality "1"]
[TimeControl "3600+30"]

1. e4 c6 2. Nc3 d5 3. Nf3 Bg4 4. h3 Bxf3 5. Qxf3 e6 6. Be2 Bc5 7. O-O Ne7 8. Rd1 d4 9. Nb1 Bd6 10. c3 c5 11. Na3 Nbc6 12. Nc4 Bc7 13. a4 O-O 14. d3 a6 15. Bf4 e5 16. Bh2 b5 17. axb5 axb5 18. Nd2 Qd7 19. c4 Na5 20. Qg4 Qxg4 21. Bxg4 bxc4 22. Nxc4 Nxc4 23. dxc4 Nc6 24. Kf1 Rfb8 25. Bd7 Nb4 26. Bb5 f6 27. b3 Kf7 28. Ra4 Ra5 29. Rb1 Rba8 30. Ke2 Ke6 31. f3 g5 32. Bg3 Nc2 33. Be1 R5a7 34. Bc6 Rxa4 35. Bxa4 Ba5 36. Bxa5 Rxa5 37. Kd3 Nb4+ 38. Kd2 h5 39. Rh1 h4 40. Ra1 Kd6 41. Ra3 Na6 42. Ra1 Nc7 43. Kc2 Ne6 44. Rd1 Nf4 45. Rd2 Ra7 46. Kb2 Kc7 47. Bb5 Kb6 48. Be8 Ka5 49. Ka3 Ne6 50. Bc6 Nc7 51. Ba4 Na6 52. Bb5 Nb4 53. Ba4 Ra8 54. Kb2 Rd8 55. Bb5 Kb6 56. Ba4 Ra8 57. Rd1 Ra7 58. Rd2 Na6 59. Rd1 Nc7 60. Rd2 Ne6 61. Bb5 Ra8 62. Bd7 Nf4 63. Bf5 Rd8 64. Bg4 Ka5 65. Ka3 d3 66. Kb2 Kb4 67. Bf5 Ra8 68. Bd7 Ra3 69. Ba4 Ne2 70. Rxd3 Ra2+ 71. Kb1 Ka3 72. Re3 Rb2+ 73. Ka1 Rd2 74. Kb1 Nd4 75. Kc1 Rxg2 76. Bd7 Nxb3+ 0-1

[Event "Mentese ELO February 2022"]
[Site "Mentese"]
[Date "2022.02.20"]
[Round "4.5"]
[White "Erdem, Berkin"]
[Black "Ozturk, Halil Ibrahim"]
[Result "1-0"]
[ECO "E16"]
[WhiteElo "1616"]
[BlackElo "1541"]
[Annotator "NA RC"]
[PlyCount "125"]
[EventDate "2022.02.19"]
[EventCountry "TUR"]
[SourceTitle "playchess.com"]
[Source "ChessBase"]
[SourceQuality "1"]
[TimeControl "3600+30"]

1. d4 d5 2. c4 e6 3. Nf3 Nf6 4. g3 Bb4+ 5. Bd2 Bxd2+ 6. Nbxd2 b6 7. Bg2 Bb7 8. O-O O-O 9. Rc1 Nbd7 10. Qc2 Rc8 11. c5 bxc5 12. dxc5 c6 13. b4 Qe7 14. e4 e5 15. Rfe1 d4 16. Nc4 Rb8 17. a3 Rfd8 18. Qa4 Ne8 19. Qxa7 Nc7 20. Qa4 Nb5 21. Bh3 f6 22. Nfd2 Nf8 23. Qb3 Kh8 24. a4 Nc3 25. Nd6 Rxd6 26. cxd6 Qxd6 27. Nb1 Nxb1 28. Rxb1 Ba6 29. Bf1 Bxf1 30. Kxf1 Nd7 31. Qc4 h6 32. Rec1 Nb6 33. Qxc6 Qxc6 34. Rxc6 Nxa4 35. f3 Rd8 36. Ke1 Nc3 37. Rb3 Ra8 38. b5 Ra1+ 39. Kd2 Ra2+ 40. Kd3 Nxb5 41. Rxb5 Rxh2 42. Rc2 Rh1 43. Rb7 Rf1 44. Ke2 Rg1 45. Kf2 Rh1 46. Rcc7 Rh2+ 47. Kg1 Ra2 48. Rxg7 d3 49. Rgd7 Ra1+ 50. Kf2 Ra2+ 51. Ke3 Ra8 52. Kxd3 Rc8 53. Rh7+ Kg8 54. Rxh6 Rd8+ 55. Ke3 Rc8 56. Rxf6 Rc3+ 57. Kf2 Rc2+ 58. Kg1 Rc1+ 59. Kg2 Rc2+ 60. Kh3 Rc3 61. Kg4 Rc1 62. Re6 Rc5 63. Re8# 1-0

[Event "Mentese ELO February 2022"]
[Site "Mentese"]
[Date "2022.02.20"]
[Round "5.1"]
[White "Seker, Bilgesu"]
[Black "Turgut, Hakan"]
[Result "0-1"]
[ECO "B28"]
[WhiteElo "1681"]
[BlackElo "1805"]
[Annotator "NA"]
[PlyCount "46"]
[EventDate "2022.02.19"]
[EventCountry "TUR"]
[SourceTitle "playchess.com"]
[Source "ChessBase"]
[SourceQuality "1"]
[TimeControl "3600+30"]

1. e4 c5 2. Nf3 a6 3. c4 g6 4. d4 Bg7 5. dxc5 Qa5+ 6. Nc3 Nf6 ({Black should play} 6... Bxc3+ $14 7. bxc3 Nf6) 7. Bd3 Qxc5 8. Be3 Qa5 $1 9. O-O d6 10. h3 O-O 11. Rc1 $14 b5 12. cxb5 axb5 13. Nxb5 Qxa2 14. Qe2 Nbd7 15. Na3 Nxe4 16. Nd4 Ndc5 17. Ra1 Qd5 18. Bc4 Qe5 19. Nab5 Bb7 20. Nc7 Rac8 21. Ncb5 d5 22. Ba2 Qb8 23. Nf3 Ba6 0-1

[Event "Mentese ELO February 2022"]
[Site "Mentese"]
[Date "2022.02.20"]
[Round "5.2"]
[White "Hekimoglu, Mihriban"]
[Black "Taskin, Arda"]
[Result "1/2-1/2"]
[ECO "B92"]
[WhiteElo "1479"]
[BlackElo "1652"]
[Annotator "NA RC"]
[PlyCount "168"]
[EventDate "2022.02.19"]
[EventCountry "TUR"]
[SourceTitle "playchess.com"]
[Source "ChessBase"]
[SourceQuality "1"]
[TimeControl "3600+30"]

1. e4 c5 2. Nf3 d6 3. d4 cxd4 4. Nxd4 Nf6 5. Nc3 a6 6. Be2 e5 7. Nb3 Be6 8. Bg5 Nbd7 9. O-O Be7 10. Qd2 b5 11. Bxf6 Nxf6 12. Bf3 O-O 13. Rad1 Qc7 14. g3 Rac8 15. a3 Rfd8 16. Bg2 a5 17. Nxb5 Qxc2 18. Nxa5 Qa4 19. Qb4 Qxb4 20. axb4 Bc4 21. Nxc4 Rxc4 22. Rd2 Rxb4 23. Nc3 Rdb8 24. Rb1 Kf8 25. f4 Rc4 26. Rc1 Rc6 27. Rdc2 Rbc8 28. Bf3 Bd8 29. Kf2 Bb6+ 30. Ke2 Bd4 31. Kd2 Rb8 32. Nd1 Rxc2+ 33. Rxc2 Nd7 34. Nc3 Nc5 35. fxe5 Bxe5 36. Ke3 Nb3 37. Ne2 Na5 38. Nd4 g6 39. Be2 Rb4 40. Nb5 Nb7 41. Nc3 Nc5 42. Bf3 Rb3 43. Kd2 Bd4 44. Bg2 Rb8 45. Nd1 Kg7 46. Kc1 Nb3+ 47. Kb1 Ra8 48. Re2 Be5 49. Re1 Ra1+ 50. Kc2 Nd4+ 51. Kd2 Rb1 52. Rf1 Ra1 53. Ne3 Ra4 54. Nd5 Rc4 55. Ne3 Nb3+ 56. Kd3 Rd4+ 57. Kc2 Nc5 58. Ng4 Rc4+ 59. Kb1 Nb3 60. Rd1 h5 61. Nxe5 dxe5 62. Rd3 Rc1+ 63. Ka2 Nd4 64. Rd2 Kf6 65. b4 Ke6 66. Rb2 Kd6 67. Rb1 Rc8 68. Bf1 Rb8 69. Bc4 f5 70. Bd3 Ke6 71. Ka3 Ra8+ 72. Kb2 Ra4 73. Kc3 Ra3+ 74. Kc4 Kd6 75. b5 Ra4+ 76. Rb4 Ra1 77. Rb1 Ra8 78. Kb4 Rc8 79. Ra1 f4 80. Ra6+ Ke7 81. gxf4 exf4 82. Rxg6 f3 83. Rg1 Kf6 84. b6 Rc6 1/2-1/2